 Dungeon Crawl Stone Soup version 0.30-a0-728-gc68057be0a (webtiles) character file.

Game seed: 4890943272091014080

140819 karrick the Severer (level 17, -4/113 HPs)
             Began as a Gargoyle Fighter on Jan 31, 2023.
             Was the Champion of Okawaru.
             Killed from afar by a deep elf zephyrmancer (7 damage)
             ... with a bolt of lightning
             ... on level 2 of the Elven Halls.
             The game lasted 01:20:09 (27857 turns).

karrick the Severer (Gargoyle Fighter)             Turns: 27857, Time: 01:20:10

Health: -4/113     AC: 38    Str: 24    XL:     17   Next: 31%
Magic:  25/25      EV: 14    Int: 12    God:    Okawaru [******]
Gold:   102        SH: 15    Dex: 19    Spells: 16/16 levels left

rFire   . . .      SeeInvis +    Q - +8 war axe of the Owl {pain, rC- Int+3}
rCold   . . .      Faith    +    x - +1 kite shield {rC+}
rNeg    + . .      Spirit   .    G - +7 ring mail of Distant Shores {SInv}
rPois   ∞          Reflect  .    O - +2 hat {Will+}
rElec   +          Harm     .    (no cloak)
rCorr   .          Rampage  .    I - +1 pair of gloves of the Bells {+Inv}
Will    ++...                    i - +2 pair of boots
Stlth   +++                      D - amulet of faith
HPRegen 0.38/turn                F - ring of Othip {EV+5 Str+2 Dex+4}
MPRegen 0.19/turn                k - +4 ring of protection

@: flying, studying Maces & Flails, invisible
A: sickness immunity, AC +12, big wings, negative energy resistance 1,
electricity resistance, torment resistance 1, petrification resistance
a: Renounce Religion, Evoke Invisibility, Heroism, Finesse, Duel


You were on level 2 of the Elven Halls.
You worshipped Okawaru.
Okawaru was exalted by your worship.
You visited 5 branches of the dungeon, and saw 25 of its levels.
You visited the Abyss 1 time.
You also visited: Sewer, Bailey, Gauntlet and Ice Cave.

You collected 3180 gold pieces.
You spent 3078 gold pieces at shops.

Inventory:

Hand Weapons
 c - the +7 hand axe "Egacomme" {flame, MP+9 Int+2}
   (Okawaru gifted it to you on level 2 of the Elven Halls)

   Int:       It affects your intelligence (+2).
   MP:        It affects your magic capacity (+9).
 f - a +3 morningstar of holy wrath
 B - a +0 eveningstar
 P - the +10 bardiche of Generosity {spect, Int+4}
   (Okawaru gifted it to you on level 2 of the Lair of Beasts)

   Int:       It affects your intelligence (+4).
 Q - the +8 war axe of the Owl (weapon) {pain, rC- Int+3}
   (Okawaru gifted it to you on level 2 of the Elven Halls)

   Int:       It affects your intelligence (+3).
   rC:        It makes you vulnerable to cold.
 V - a +2 broad axe of venom
Missiles
 H - 6 silver javelins (quivered)
Armour
 i - a +2 pair of boots (worn)
 p - the +1 helmet of Byt Faupt {Str+2}
   (You found it in a Gauntlet)

   Str:       It affects your strength (+2).
 r - the +0 pair of boots "Estrabli" {rC+ rN+}
   (Okawaru gifted it to you in an ice cave)

   rC:        It protects you from cold.
   rN:        It protects you from negative energy.
 x - a +1 kite shield of cold resistance (worn)
 G - the +7 ring mail of Distant Shores (worn) {SInv}
   (You found it on level 5 of the Dungeon)

   SInv:      It lets you see invisible.
 I - the +1 pair of gloves of the Bells (worn) {+Inv}
   (You bought it in a shop on level 1 of the Elven Halls)

   +Inv:      It lets you turn invisible.
 J - the +12 crystal plate armour "Wetyst" {Rampage rElec Dex+3}
   (You found it on level 2 of the Elven Halls)

   Dex:       It affects your dexterity (+3).
   rElec:     It insulates you from electricity.
   Rampage:   It bestows one free step when moving towards enemies.
 N - a +1 buckler of protection
 O - a +2 hat of willpower (worn)
Jewellery
 g - the amulet of Suspicion {RegenMP Drain Regen+ Str+3 Dex+3}
   (You found it on level 2 of the Elven Halls)

   [amulet of magic regeneration]

   It increases your rate of magic regeneration.
   Str:       It affects your strength (+3).
   Dex:       It affects your dexterity (+3).
   Regen:     It increases your rate of health regeneration.
   Drain:     It drains your maximum health when unequipped.
 k - a +4 ring of protection (right hand)
 o - the ring "Xyaweota" {rPois Will+}
   (You found it on level 1 of the Lair of Beasts)

   [ring of poison resistance]

   rPois:     It protects you from poison.
   Will:      It increases your willpower.
 D - an amulet of faith (around neck)
 F - the ring of Othip (left hand) {EV+5 Str+2 Dex+4}
   (You took it off a minotaur in a Gauntlet)

   [ring of evasion]

   EV:        It affects your evasion (+5).
   Str:       It affects your strength (+2).
   Dex:       It affects your dexterity (+4).
 W - a ring of resist corrosion
Wands
 L - a wand of roots (28)
 M - a wand of digging (3)
 Z - a wand of quicksilver (6)
Scrolls
 a - 4 scrolls of identify
 b - 4 scrolls of fear
 j - 10 scrolls of teleportation
 l - 6 scrolls of enchant armour
 q - 9 scrolls of enchant weapon
 s - a scroll of brand weapon
 u - 7 scrolls of magic mapping
 w - 6 scrolls of immolation
 y - 7 scrolls of vulnerability
 A - a scroll of torment
 E - 6 scrolls of fog
 K - a scroll of acquirement
 T - 4 scrolls of amnesia
 X - 3 scrolls of poison
 Y - a scroll of butterflies
Potions
 d - 8 potions of magic
 e - 5 potions of attraction
 h - 6 potions of haste
 m - 9 potions of mutation
 n - 5 potions of brilliance
 t - 3 potions of cancellation
 v - 7 potions of lignification
 z - a potion of invisibility
 C - a potion of curing
 R - a potion of resistance
 U - 5 potions of might
Miscellaneous
 S - a lightning rod (4/4)


   Skills:
 + Level 15.6 Fighting
 + Level 0.1 Long Blades
 + Level 18.6 Axes
 + Level 10.0 Armour
 + Level 6.5 Stealth
 + Level 13.4 Shields
 + Level 11.5 Invocations
 * Level 2.4 Evocations


You had 16 spell levels left.
You didn't know any spells.
Your spell library contained the following spells:

 Spells                   Type           Power      Damage    Failure   Level
 Apportation              Tloc           0%         N/A       65%         1
 Kiss of Death            Conj/Necr      0%         2d5       65%         1
 Ensorcelled Hibernation  Hex/Ice        0%         N/A       80%         2
 Lesser Beckoning         Tloc           0%         N/A       80%         2
 Passwall                 Tmut/Erth      0%         N/A       80%         2
 Poisonous Vapours        Pois/Air       0%         N/A       80%         2
 Confusing Touch          Hex            0%         N/A       95%         3
 Dazzling Flash           Conj/Hex       0%         N/A       95%         3
 Gell's Gravitas          Tloc           0%         N/A       95%         3
 Inner Flame              Hex/Fire       0%         N/A       95%         3
 Kindle Blastsparks       Fire/Tloc/Air  0%         2d10      95%         3
 Mephitic Cloud           Conj/Pois/Air  0%         N/A       95%         3
 Spider Form              Tmut/Pois      0%         N/A       95%         3
 Swiftness                Air            0%         N/A       95%         3
 Teleport Other           Tloc           0%         N/A       95%         3
 Vhi's Electric Charge    Tloc/Air       0%         N/A       95%         3
 Anguish                  Hex/Necr       0%         N/A       100%        4
 Dispel Undead            Necr           0%         3d6       100%        4
 Flame Wave               Conj/Fire      0%         2d4       100%        4
 Fulminant Prism          Conj/Hex       0%         3d5       100%        4
 Iskenderun's Mystic Bla  Conj/Tloc      0%         2d3       100%        4
 Passage of Golubria      Tloc           0%         N/A       100%        4
 Sticky Flame             Conj/Fire      0%         2d3       100%        4
 Alistair's Intoxication  Tmut/Pois      0%         N/A       100%        5
 Arcjolt                  Conj/Air       0%         1d10      100%        5
 Blade Hands              Tmut           0%         N/A       100%        5
 Borgnjor's Vile Clutch   Necr/Erth      0%         N/A       100%        5
 Fireball                 Conj/Fire      0%         3d3       100%        5
 Iskenderun's Battlesphe  Conj           0%         2d6       100%        5
 Lee's Rapid Deconstruct  Erth           0%         3d4*      100%        5
 Silence                  Hex/Air        0%         N/A       100%        5
 Conjure Ball Lightning   Conj/Air       0%         3x3d6     100%        6
 Iron Shot                Conj/Erth      0%         9d1       100%        6
 Starburst                Conj/Fire      0%         6d3       100%        6
 Enfeeble                 Hex            0%         N/A       100%        7
 Orb of Destruction       Conj           0%         9d5       100%        7
 Lehudib's Crystal Spear  Conj/Erth      0%         10d2      100%        8
 Maxwell's Capacitive Co  Air            0%         ∞         100%        8
 Cigotuvi's Dreadful Rot  Necr/Pois/Air  Unusable   N/A       N/A         2
 Animate Armour           Summ/Erth      Unusable   N/A       N/A         4
 Animate Dead             Necr           Unusable   N/A       N/A         4
 Death Channel            Necr           Unusable   N/A       N/A         6

Dungeon Overview and Level Annotations

Branches:
Dungeon (14/15)            Temple (1/1) D:4            Lair (5/5) D:8
  Swamp (0/4) Lair:3        Snake (0/4) Lair:2        Slime (0/5) Lair:4
    Orc (2/2) D:11            Elf (3/3) Orc:2        Vaults (0/5) D:14
  Sewer (visited)          Bailey (visited)           IceCv (visited)
Gauntlet (visited)

Altars:
Ashenzari
Cheibriados
Dithmenos
Elyvilon
Fedhas
Gozag
Hepliaklqana
Kikubaaqudgha
Makhleb
Nemelex Xobeh
Okawaru
Qazlal
Ru
Sif Muna
Trog
Uskayaw
Vehumet
Wu Jian
Xom
Yredelemnul
Zin
The Shining One

Shops:
D:6 *   D:8 [   Orc:2 **[[   Elf:1 ((??[   Elf:2 ?   Elf:3 (

Annotations:
Lair:2 Foxy's ghost, journeyman KoEn
Lair:3 2 transporters, Rudyous's ghost, journeyman MiFi


Innate Abilities, Weirdness & Mutations

You are immune to sickness and miasma.
Your stone body is resilient. (AC +12)
You are immune to poison.
Your large and strong wings let you fly.
You resist negative energy. (rN+)
You are resistant to electric shocks. (rElec)
You are resistant to unholy torment.
You are immune to petrification.


Message History

You completely miss the +1 glaive of freezing.
The +1 glaive of freezing is heavily damaged.
The +1 glaive of freezing hits you!! The +1 glaive of freezing freezes you.
You are too injured to fight recklessly!
You are too injured to fight recklessly!
You are too injured to fight recklessly!
You are too injured to fight recklessly!
You are too injured to fight recklessly!
You are too injured to fight recklessly!
You are too injured to fight recklessly!
You are too injured to fight recklessly!
You are too injured to fight recklessly!
You are too injured to fight recklessly!
You are too injured to fight recklessly!
You are too injured to fight recklessly!
You are too injured to fight recklessly!
You are too injured to fight recklessly!
You are too injured to fight recklessly!
You are too injured to fight recklessly!
You are too injured to fight recklessly!
You are too injured to fight recklessly!
You are too injured to fight recklessly!
You slash the +1 glaive of freezing!
The +1 glaive of freezing is severely damaged.
The +1 glaive of freezing hits you! The +1 glaive of freezing freezes you.
You hit the +1 glaive of freezing but do no damage.
The +1 glaive of freezing is severely damaged.
The +1 glaive of freezing hits you but does no damage.
The deep elf pyromancer casts a spell at you.
The bolt of fire hits the +1 glaive of freezing.
The +1 glaive of freezing resists.
The bolt of fire hits you!!!
* * * LOW HITPOINT WARNING * * *
Okay, then.
You fade into invisibility!
The +1 glaive of freezing completely misses you.
The deep elf zephyrmancer gestures at you while chanting.
The bolt of lightning hits the +1 glaive of freezing.
The +1 glaive of freezing completely resists.
The bolt of lightning hits you! You resist.
You die...

#.#.#.# #.....# ##.))## #ee.#
##.## #.# #.# #(# ##### #@###
##### ###...### ##)..## ###...##
#..<....# ##.....## #.......
##.......#####.......#####)......
.'..)....'...'.)...).'...'.)..###
##.......#####.......#####.)..#.~
#.......# ##.....## #....#[~
##)#...### ##...#'## ###..#.~
#)########### ##'###.#########.≈


You could see a deep elf pyromancer (unable to see you), a deep elf zephyrmancer
(unable to see you) and a +1 glaive of freezing (wandering, unable to see you).

Vanquished Creatures
  Jorgrun (Elf:2)
  Gastronok (Lair:2)
  A sphinx (Elf:2)
  The ghost of valliere the Thaumaturge, an adept GnSu of Lugonu (Elf:2)
  An azure jelly (Lair:5)
  A deep elf sorcerer (Elf:2)
  A quicksilver ooze (Lair:5)
  2 orc warlords
  Nessos (Lair:4)
  A minotaur (Gauntlet)
  A deep elf annihilator (Elf:2)
  3 dire elephants (Lair:5)
  Snorg (D:13)
  A deep elf death mage (Elf:2)
  3 fire dragons
  A great orb of eyes (Lair:5)
  Harold (Lair:1)
  11 hydras
  Erica (Lair:1)
  An ogre mage (Orc:1)
  A catoblepas (D:14)
  8 dancing weapons
  3 centaur warriors
  6 two-headed ogres
  2 tengu warriors
  4 boulder beetles
  7 orc high priests (Orc:2)
  2 death yaks (Lair:5)
  Urug (Lair:3)
  Nergalle (Lair:2)
  A fire crab (Gauntlet)
  7 deep elf knights
  2 spectral death yaks (Lair:5)
  3 sixfirhies (Gauntlet)
  A spectral anaconda (Lair:5)
  10 deep elf archers
  An orange crystal statue (Gauntlet)
  An orc knight (Orc:1)
  The ghost of CoffeeSpider the Cleaver, a novice GrFi of Makhleb (D:8)
  An obsidian statue (Lair:5)
  26 deep elf pyromancers
  12 deep elf zephyrmancers
  5 necromancers
  Pikel (D:5)
  6 ugly things
  A lindwurm (Lair:1)
  2 orc sorcerers
  4 cyclopes
  7 manticores
  14 elephants
  A black mamba (Lair:4)
  2 gargoyles (D:13)
  An ice statue (IceCv)
  An eye of devastation (Abyss:3)
  18 cane toads
  An unseen horror (D:10)
  A dire elephant skeleton (Lair:5)
  7 komodo dragons
  A komodo dragon (shapeshifter) (Elf:1)
  A kobold demonologist (D:11)
  2 anaconda simulacra (IceCv)
  3 rime drakes
  A yaktaur (shapeshifter) (D:14)
  12 ice devils (IceCv)
  2 freezing wraiths (IceCv)
  2 tengu conjurers
  3 trolls
  5 hornets
  A merfolk (shapeshifter) (D:14)
  6 polar bears
  10 blink frogs
  11 dream sheep
  A wolf spider simulacrum (Gauntlet)
  Sigmund (D:4)
  2 centaur simulacra
  8 slime creatures (Lair:5)
  2 spriggans (Lair:2)
  An air elemental (Elf:2)
  3 shadows
  A dire elephant simulacrum (IceCv)
  4 wyverns
  3 wraiths
  Eustachio (D:5)
  2 water elementals
  32 yaks
  A small abomination (Elf:2)
  3 fire bats (Gauntlet)
  6 basilisks
  A fire elemental (Elf:1)
  A steam dragon (Lair:2)
  Grum (D:8)
  4 vampire mosquitoes
  7 wargs
  5 death yak simulacra
  4 nagas (Lair:2)
  3 harpy simulacra (IceCv)
  16 water moccasins
  A hydra simulacrum (IceCv)
  2 acid dragons (D:11)
  3 hell hounds
  A meliai simulacrum (Gauntlet)
  2 elephant zombies (Lair:5)
  24 orc warriors
  5 ice beasts (D:8)
  A sky beast (D:6)
  12 ogres
  18 wolves
  An elephant skeleton (Lair:5)
  10 centaurs
  2 lemures (D:5)
  A kobold brigand (D:6)
  2 phantoms
  Blork the orc (D:5)
  11 bullfrogs
  2 scorpions
  A two-headed ogre simulacrum (IceCv)
  3 earth elementals
  4 necrophages
  6 cane toad simulacra
  11 wights
  A hornet simulacrum (Gauntlet)
  3 killer bees (D:8)
  9 elephant simulacra
  A troll skeleton (D:10)
  5 spriggan skeletons (D:10)
  6 electric eels
  4 howler monkeys
  7 hounds
  22 jellies
  A gnoll bouda (Orc:2)
  35 orc priests
  An iron imp (D:10)
  5 iguanas
  A hell rat (Sewer)
  8 orc wizards
  3 polar bear simulacra (IceCv)
  2 spriggan simulacra (IceCv)
  4 wolf simulacra (IceCv)
  10 gnolls
  A naga simulacrum (IceCv)
  5 river rats
  11 adders
  A shadow imp (D:7)
  4 white imps
  2 ufetubi
  3 worms (D:3)
  2 dart slugs
  66 orcs
  5 ball pythons
  2 bats (D:3)
  8 endoplasms
  4 giant cockroaches
  13 goblins
  14 hobgoblins
  3 jackals (D:3)
  10 kobolds
  2 quokkas
  4 frilled lizards
  11 rats
804 creatures vanquished.

Vanquished Creatures (others)
  An orc priest (Orc:2)
  A hell rat (Elf:2)
  A gnoll (Bailey)
  2 orcs
  35 fungi
  65 plants
  25 withered plants (Lair:5)
130 creatures vanquished.

Grand Total: 934 creatures vanquished

Notes
Turn   | Place    | Note
-------+----------+-------------------------------------------
     0 | D:1      | karrick the Gargoyle Fighter began the quest for the Orb.
     0 | D:1      | Reached XP level 1. HP: 14/14 MP: 1/1
   224 | D:1      | Reached XP level 2. HP: 19/19 MP: 2/2
   644 | D:2      | Reached skill level 2 in Axes
   675 | D:2      | Reached XP level 3. HP: 18/24 MP: 3/3
   958 | D:2      | Found a hide-covered altar of Uskayaw.
  1349 | D:3      | Reached XP level 4. HP: 25/29 MP: 4/4
  1532 | D:3      | Reached skill level 3 in Axes
  1532 | D:3      | Reached XP level 5. HP: 30/33 MP: 5/5
  1611 | D:3      | Found a glowing drain.
  1618 | Sewer    | Entered a sewer
  2105 | D:3      | Reached skill level 4 in Axes
  2105 | D:3      | Reached XP level 6. HP: 39/39 MP: 6/6
  2436 | D:4      | Reached skill level 5 in Axes
  2436 | D:4      | Reached XP level 7. HP: 38/44 MP: 7/7
  2552 | D:4      | Noticed Sigmund
  2567 | D:4      | Killed Sigmund
  2568 | D:4      | Reached skill level 5 in Fighting
  2619 | D:4      | Found a staircase to the Ecumenical Temple.
  2717 | D:4      | Reached skill level 6 in Axes
  2732 | Temple   | Entered the Ecumenical Temple
  2959 | D:5      | Entered Level 5 of the Dungeon
  2959 | D:5      | Noticed Pikel
  2971 | D:5      | Noticed Blork the orc
  2973 | D:5      | Killed Pikel
  2974 | D:5      | Reached skill level 7 in Axes
  2974 | D:5      | Reached skill level 5 in Shields
  2974 | D:5      | Reached XP level 8. HP: 41/51 MP: 8/8
  2979 | D:5      | Reached skill level 5 in Armour
  2998 | D:5      | Killed Blork the orc
  3239 | D:5      | Reached skill level 8 in Axes
  3239 | D:5      | Reached XP level 9. HP: 48/55 MP: 9/9
  3520 | D:5      | Found a sacrificial altar of Ru.
  3535 | D:5      | Noticed Eustachio
  3562 | D:5      | Killed Eustachio
  3627 | D:5      | Identified the +7 ring mail of Distant Shores {SInv}
  3813 | D:6      | Found Fammoura's Assorted Antiques.
  3944 | D:6      | Bought a scroll labelled WAWO WOFETEIST for 29 gold pieces
  3944 | D:6      | Bought a scroll labelled HUQESTR ZUR UDGHAOM for 29 gold
                  | pieces
  3944 | D:6      | Bought a scroll labelled OJUVUG DADGHEEL for 29 gold pieces
  3944 | D:6      | Bought a scroll labelled TEYSCHE FEADEUMN for 29 gold
                  | pieces
  3944 | D:6      | Bought a bubbling white potion for 26 gold pieces
  3944 | D:6      | Bought a lumpy red potion for 26 gold pieces
  4100 | D:6      | Reached skill level 9 in Axes
  4593 | D:7      | Found a hide-covered altar of Uskayaw.
  5306 | D:8      | Found Curiufog's Antique Armour Shoppe.
  5373 | D:8      | Bought a runed buckler for 157 gold pieces
  5373 | D:8      | Bought a fine cloak for 199 gold pieces
  5373 | D:8      | Identified the -1 cloak of Kaddovo {Regen+} (You bought it
                  | in a shop on level 8 of the Dungeon)
  5422 | D:8      | Reached skill level 1 in Stealth
  5426 | D:8      | Reached XP level 10. HP: 59/63 MP: 10/10
  5428 | D:8      | Reached skill level 10 in Axes
  5430 | D:8      | Found a staircase to the Lair.
  5578 | D:8      | Noticed Grum
  5614 | D:8      | Killed Grum
  5767 | D:8      | Found a transporter.
  5768 | D:8      | Noticed a cyclops
  5770 | D:8      | Noticed CoffeeSpider's ghost (novice GrFi)
  5775 | D:8      | Found a transporter.
  5793 | D:8      | Reached skill level 11 in Axes
  6034 | D:8      | Found an ancient bone altar of Kikubaaqudgha.
  6034 | D:8      | Found a glowing silver altar of Zin.
  6296 | D:9      | Found a flagged portal.
  6468 | Bailey   | Entered a bailey
  6528 | Bailey   | Identified a scroll of acquirement
  6628 | Bailey   | Reached XP level 11. HP: 61/69 MP: 11/11
  6743 | Bailey   | Noticed an orc warlord
  6984 | Bailey   | Acquired 721 gold pieces
  7032 | Bailey   | Killed an orc warlord
  7033 | Bailey   | Reached skill level 12 in Axes
  7421 | D:9      | Reached skill level 1 in Evocations
  7563 | D:9      | Found an opulent altar of Gozag.
  7564 | D:9      | Found a sparkling altar of Nemelex Xobeh.
  7679 | D:10     | Entered Level 10 of the Dungeon
  8118 | D:10     | Found a radiant altar of Vehumet.
  8118 | D:10     | Found a blossoming altar of Fedhas.
  8124 | D:10     | Found a shimmering altar of Xom.
  8126 | D:10     | Found an iron altar of Okawaru.
  8128 | D:10     | Found a stormy altar of Qazlal.
  8132 | D:10     | Became a worshipper of Warmaster Okawaru
  8545 | D:10     | Found a snail-covered altar of Cheibriados.
  8602 | D:11     | Noticed a two-headed ogre
  8603 | D:11     | Reached * piety under Okawaru
  8611 | D:11     | Reached skill level 13 in Axes
  8613 | D:11     | Killed a two-headed ogre
  8614 | D:11     | Reached XP level 12. HP: 42/76 MP: 12/12
  8751 | D:11     | Reached ** piety under Okawaru
  8884 | D:11     | Found a staircase to the Orcish Mines.
  9284 | D:12     | Reached skill level 10 in Fighting
  9367 | D:12     | Noticed a centaur warrior
  9391 | D:12     | Killed a centaur warrior
  9391 | D:12     | Reached *** piety under Okawaru
  9456 | D:12     | Noticed a two-headed ogre
  9464 | D:12     | Killed a two-headed ogre
  9666 | D:12     | Reached skill level 14 in Axes
  9847 | D:13     | Noticed a tengu warrior
  9867 | D:13     | Killed a tengu warrior
 10055 | D:13     | You fall into a shaft and drop 1 floor!
 10067 | D:14     | Noticed a two-headed ogre
 10076 | D:14     | Killed a two-headed ogre
 10076 | D:14     | Reached **** piety under Okawaru
 10114 | D:14     | Found a gate leading to a gauntlet.
 10119 | Gauntlet | Entered a Gauntlet
 10119 | Gauntlet | Found a transporter.
 10119 | Gauntlet | Found a runed translucent door.
 10126 | Gauntlet | Found a runed translucent door.
 10128 | Gauntlet | Found a transporter.
 10131 | Gauntlet | Found a transporter.
 10132 | Gauntlet | Found a transporter.
 10137 | Gauntlet | Noticed a tengu warrior
 10143 | Gauntlet | Found a transporter.
 10143 | Gauntlet | Found a transporter.
 10144 | Gauntlet | Found a transporter.
 10155 | Gauntlet | Found a transporter.
 10155 | Gauntlet | Found a transporter.
 10156 | Gauntlet | Found a transporter.
 10164 | Gauntlet | Found a transporter.
 10167 | Gauntlet | Found a transporter.
 10168 | Gauntlet | Found a transporter.
 10176 | Gauntlet | Found a transporter.
 10319 | Gauntlet | Killed a tengu warrior
 10356 | Gauntlet | Reached skill level 1 in Invocations
 10356 | Gauntlet | Reached XP level 13. HP: 65/84 MP: 8/13
 10358 | Gauntlet | Reached skill level 10 in Shields
 10441 | Gauntlet | Reached ***** piety under Okawaru
 10517 | Gauntlet | Paralysed by a floating eye for 4 turns
 10526 | Gauntlet | Identified the +1 helmet of Byt Faupt {Str+2}
 10595 | Gauntlet | Identified the +10 plate armour of Wonder {Str+5}
 10595 | Gauntlet | Identified the ring of Othip {EV+5 Str+2 Dex+4}
 10595 | Gauntlet | Noticed a minotaur
 10651 | Gauntlet | Killed a minotaur
 11285 | D:13     | Noticed Snorg
 11306 | D:13     | Killed Snorg
 11780 | D:13     | Received a gift from Okawaru
 12174 | D:14     | Identified the +3 trident of Sloth {elec, *Rage rPois Int-5
                  | Dex+8}
 12355 | D:14     | Noticed a fire dragon
 12724 | Lair:1   | Entered Level 1 of the Lair of Beasts
 12813 | Lair:1   | Identified the ring "Xyaweota" {rPois Will+}
 12853 | Lair:1   | Noticed Erica
 12863 | Lair:1   | Killed Erica
 12864 | Lair:1   | Reached skill level 15 in Axes
 13007 | Lair:1   | Noticed Harold
 13047 | Lair:1   | Killed Harold
 13148 | Lair:1   | Reached skill level 5 in Invocations
 13424 | Lair:1   | Received a gift from Okawaru
 13641 | Lair:2   | Noticed Nergalle
 13654 | Lair:2   | Killed Nergalle
 13733 | Lair:2   | Found a staircase to the Snake Pit.
 13866 | Lair:2   | Noticed Gastronok
 13881 | Lair:2   | Killed Gastronok
 13882 | Lair:2   | Gained mutation: Your large and strong wings let you fly.
                  | [Gargoyle growth]
 13882 | Lair:2   | Reached XP level 14. HP: 91/91 MP: 18/18
 13961 | Lair:2   | Found a runed translucent door.
 13961 | Lair:2   | Identified the +0 trident of Qudaj {heavy, rElec rC- Str+3
                  | Dex+6}
 13961 | Lair:2   | Noticed Foxy's ghost (journeyman KoEn)
 14112 | Lair:2   | Identified the +10 bardiche of Generosity {spect, Int+4}
                  | (Okawaru gifted it to you on level 2 of the Lair of Beasts)
 14112 | Lair:2   | Received a gift from Okawaru
 14795 | Lair:3   | Found a staircase to the Swamp.
 15110 | Lair:3   | Noticed Urug
 15127 | Lair:3   | Found a transporter.
 15240 | Lair:3   | Found a transporter.
 15342 | Lair:3   | Noticed Rudyous's ghost (journeyman MiFi)
 15345 | Lair:3   | Found a bloodstained altar of Trog.
 15345 | Lair:3   | Identified the ring "Reofe Had" {rF++ rC+ rN+ Int+4}
 15625 | Lair:3   | Killed Urug
 15692 | Lair:3   | Received a gift from Okawaru
 15817 | Lair:3   | Reached ****** piety under Okawaru
 15954 | Lair:4   | Found a frozen archway.
 15967 | IceCv    | Entered an ice cave
 16313 | IceCv    | Reached skill level 16 in Axes
 16488 | IceCv    | Found an ancient bone altar of Kikubaaqudgha.
 16538 | IceCv    | Identified the +0 pair of boots "Estrabli" {rC+ rN+}
                  | (Okawaru gifted it to you in an ice cave)
 16538 | IceCv    | Received a gift from Okawaru
 17558 | Lair:4   | Found a staircase to the Slime Pits.
 17564 | Lair:4   | Noticed Nessos
 17584 | Lair:4   | Killed Nessos
 17896 | Lair:5   | Entered Level 5 of the Lair of Beasts
 17909 | Lair:5   | Noticed a quicksilver ooze
 18072 | Lair:5   | Reached XP level 15. HP: 41/97 MP: 21/21
 18280 | Lair:5   | Noticed an azure jelly
 18683 | Lair:5   | Killed an azure jelly
 19127 | Lair:5   | Identified the +1 robe of Submission {*Slow +Inv rElec rC+}
                  | (Okawaru gifted it to you on level 5 of the Lair of Beasts)
 19127 | Lair:5   | Received a gift from Okawaru
 19953 | Lair:5   | Identified the +1 robe "Exta" {*Corrode Will+ Str+3}
 19981 | Lair:5   | Reached skill level 17 in Axes
 21304 | D:14     | Identified the +1 scale mail of Jaexam {rElec Regen+}
                  | (Okawaru gifted it to you on level 14 of the Dungeon)
 21304 | D:14     | Received a gift from Okawaru
 21314 | D:14     | Found a gate to the Vaults.
 21366 | D:14     | Identified the +10 falchion of Rimu Tait {flame, rCorr
                  | Str+5}
 21735 | D:8      | Killed CoffeeSpider's ghost
 21859 | Orc:1    | Entered Level 1 of the Orcish Mines
 21881 | Orc:1    | Reached XP level 16. HP: 67/106 MP: 23/23
 22417 | Orc:2    | Entered Level 2 of the Orcish Mines
 22645 | Orc:2    | Reached skill level 10 in Invocations
 22671 | Orc:2    | Reached skill level 5 in Stealth
 23265 | Orc:2    | Found Obbidiar's General Store.
 23265 | Orc:2    | Found Hokit's General Store.
 23410 | Orc:2    | Received a gift from Okawaru
 23469 | Orc:2    | Found Qeecsifu's Antique Armour Emporium.
 23469 | Orc:2    | Found Byqeakk's Armour Boutique.
 23763 | Orc:2    | Found a staircase to the Elven Halls.
 23938 | Elf:1    | Entered Level 1 of the Elven Halls
 24242 | Elf:1    | Reached skill level 18 in Axes
 24330 | Elf:1    | Found Veozostri's Magic Scroll Shop.
 24378 | Elf:1    | Found Beoqoss's Armour Boutique.
 24384 | Elf:1    | Bought the +1 pair of gloves of the Bells {+Inv} for 399
                  | gold pieces
 24470 | Elf:1    | Found Piny's Antique Weapon Shop.
 24478 | Elf:1    | Bought a bloodstained dire flail for 270 gold pieces
 24478 | Elf:1    | Identified the +3 dire flail "Trog's Anger" {flame, +Blink
                  | rN+ Str+3} (You bought it in a shop on level 1 of the Elven
                  | Halls)
 24478 | Elf:1    | Bought a glowing war axe for 195 gold pieces
 24491 | Elf:1    | Found Zaq Rokho's Magic Scroll Emporium.
 24491 | Elf:1    | Found Lunir's Antique Weapon Shop.
 24737 | Elf:1    | Bought a runed war axe for 188 gold pieces
 24737 | Elf:1    | Bought a runed war axe for 188 gold pieces
 24746 | Elf:1    | Bought a scroll of teleportation for 48 gold pieces
 24746 | Elf:1    | Bought a scroll of blinking for 120 gold pieces
 24746 | Elf:1    | Bought a scroll of poison for 64 gold pieces
 24746 | Elf:1    | Bought a scroll of magic mapping for 120 gold pieces
 24746 | Elf:1    | Bought a scroll of enchant armour for 120 gold pieces
 25377 | Elf:2    | Found Xahipn's Magic Scroll Shoppe.
 25379 | Abyss:3  | Cast into level 3 of the Abyss (a deep elf sorcerer)
 25455 | Elf:2    | Escaped the Abyss
 25489 | Elf:2    | Noticed a sphinx
 25491 | Elf:2    | Identified the +7 hand axe "Egacomme" {flame, MP+9 Int+2}
                  | (Okawaru gifted it to you on level 2 of the Elven Halls)
 25491 | Elf:2    | Received a gift from Okawaru
 25517 | Elf:2    | Killed a sphinx
 25518 | Elf:2    | Reached skill level 15 in Fighting
 25533 | Elf:2    | Found an ancient bone altar of Kikubaaqudgha.
 25957 | Elf:2    | Bought a scroll of enchant armour for 105 gold pieces
 25957 | Elf:2    | Bought a scroll of enchant weapon for 105 gold pieces
 25957 | Elf:2    | Bought 2 scrolls of teleportation for 84 gold pieces
 25957 | Elf:2    | Bought a scroll of magic mapping for 105 gold pieces
 25957 | Elf:2    | Bought a scroll of blinking for 105 gold pieces
 26036 | Elf:2    | Identified the +6 battleaxe "Reit" {speed, rC+ Str+3}
                  | (Okawaru gifted it to you on level 2 of the Elven Halls)
 26036 | Elf:2    | Received a gift from Okawaru
 26039 | Elf:2    | Reached XP level 17. HP: 89/112 MP: 25/25
 26281 | Elf:2    | Noticed Jorgrun
 26283 | Elf:2    | Found a runed translucent door.
 26305 | Elf:3    | Entered Level 3 of the Elven Halls
 26332 | Elf:3    | HP: 3/113 [+0 halberd of freezing (8)]
 26597 | Elf:3    | Found Vyhup's Weapon Boutique.
 26657 | Elf:3    | Bought a +3 morningstar of holy wrath for 338 gold pieces
 26755 | Elf:2    | Identified the amulet of Suspicion {RegenMP Drain Regen+
                  | Str+3 Dex+3}
 26786 | Elf:2    | Killed Jorgrun
 26863 | Elf:2    | Noticed valliere's ghost (adept GnSu)
 27286 | Elf:2    | Reached skill level 10 in Armour
 27406 | Elf:2    | Found a huge runed translucent gate.
 27406 | Elf:2    | Found a huge runed translucent gate.
 27406 | Elf:2    | Found a huge runed translucent gate.
 27406 | Elf:2    | Found a huge runed translucent gate.
 27407 | Elf:2    | Found a huge runed translucent gate.
 27668 | Elf:2    | Killed valliere's ghost
 27679 | Elf:2    | Identified the +12 crystal plate armour "Wetyst" {Rampage
                  | rElec Dex+3}
 27758 | Elf:2    | Identified the +8 war axe of the Owl {pain, rC- Int+3}
                  | (Okawaru gifted it to you on level 2 of the Elven Halls)
 27758 | Elf:2    | Received a gift from Okawaru
 27856 | Elf:2    | HP: 3/113 [deep elf pyromancer/bolt of fire (36)]
 27857 | Elf:2    | Killed from afar by a deep elf zephyrmancer

Illustrated notes

Levels and vault maps discovered:
D:1:      mainiacjoe_arrival_reflecting_pool, layout_basic
D:2:      layout_loops_cross, basic_altar, serial_park_tiny_pond,
          kennysheep_decorative_pillar
D:3:      layout_loops_cross, lightli_sewer_entry_pipes, minmay_joined_circles
D:4:      layout_rooms, minmay_temple_entry_mist, uniq_sigmund
D:5:      layout_rooms, nicolae_overflow_crystal_walls, uniq_blork_the_orc,
          uniq_eustachio, uniq_pikel
D:6:      layout_cave_pools, serial_column_ruins, column_ruins_open_small,
          column_ruins_grid_1, column_ruins_columns_T,
          column_ruins_corridor_dead_end, serial_shops, nicolae_square_shop
D:7:      layout_gridville, eat_drink_and_be_merry_uskayaw
D:8:      layout_loops_cross, gammafunk_temple_overflow_pools,
          hellmonk_lair_entry_icy, gammafunk_ghost_arena, serial_shops,
          nicolae_diamond_shop, wad_floor_pattern_1, uniq_grum
D:9:      layout_roguey, grunt_temple_overflow_opulence, enter_bailey_8
D:10:     layout_irregular_city, chequers_temple_overflow_minitemple,
          slow_altar_2, hangedman_tell_no_tales
D:11:     layout_big_octagon, david_orc_2, serial_glass, glass_columns_b,
          glass_columns_a
D:12:     layout_irregular_city, lemuel_flamethrower_hall
D:13:     layout_layer_cave, uniq_snorg
D:14:     nicolae_cairo_tiling, layout_basic, david_vaults_4,
          gauntlet_entry_generic
Temple:   compressed_dpeg_circular_temple
Lair:1:   layout_roguey, grunt_megastairs_1, serial_bayou_shore_a,
          infiniplex_staircase_pool, serial_bayou_shore_b, lemuel_fruit_tree,
          uniq_erica, uniq_harold
Lair:2:   layout_hall_layers, minmay_snake_entry_guardpost_medium,
          ebering_ghost_funeral_grove, uniq_gastronok, uniq_nergalle
Lair:3:   layout_long_grid, swamp_mist_pool, gammafunk_ghost_wrathful_warriors,
          uniq_urug
Lair:4:   layout_cave_pods, nicolae_slime_entry_slimehenge,
          portal_ice_cave_entry_pillars_1, grunt_megastairs_5, uniq_nessos
Lair:5:   due_jungle_book, layout_concentric_octagons, special_room
          [special_room_jelly], chequers_serial_rivers_large_b, st_stairs_10,
          chequers_serial_rivers_micro_c, serial_bayou_shore_b
Orc:1:    layout_caves
Orc:2:    st_orc_town, layout_caves, nicolae_orc_damp_corner
Elf:1:    layout_loops_corners, serial_shops, shop_fountains, shop,
          nicolae_shop_overgrown_old_shop, shop, shop,
          minmay_elf_crystal_hexagon
Elf:2:    elven_hall_of_blades_hangedman_alternative
          [nooodl_blade_entry_preview], layout_geoelf_octagon, special_room
          [special_room_mythical_zoo], serial_shops, nicolae_shop_statue_plus,
          ebering_ghost_reflecting_pool, basic_altar, feat_on_display,
          uniq_jorgrun
Elf:3:    grunt_elf_hall_diamonds, layout_geoelf_grid, serial_shops,
          nicolae_shop_temple_entry_statues_fountains,
          wad_floor_pattern_untrapped, hangedman_elf_disciples

Skill      XL: |  1  2  3  4  5  6  7  8  9 10 11 12 13 14 15 16 17 |
---------------+----------------------------------------------------+-----
Axes           | 2 3 4 5 7 8 9 11 13 14 15 16 17 18 | 18.6
Fighting       | 4 5 6 7 8 9 10 11 12 14 15 | 15.6
Shields        | 4 5 6 7 8 9 11 12 13 | 13.4
Armour         | 4 5 6 7 8 9 10 | 10.0
Stealth        | 1 3 4 5 6 |  6.5
Evocations     | 1 2 |  2.4
Invocations    | 1 5 8 9 11 | 11.5
Long Blades    | |  0.1

Action                     |  1- 3 |  4- 6 |  7- 9 | 10-12 | 13-15 | 16-18 || total
---------------------------+-------+-------+-------+-------+-------+-------++-------
  Melee: War axe           |    84 |   189 |   307 |   209 |       |    10 ||   799
         Hand axe          |       |       |       |   551 |   162 |   317 ||  1030
         Broad axe         |       |       |       |       |  1186 |   429 ||  1615
         Scimitar          |       |       |       |       |     7 |       ||     7
 Invoke: Heroism           |       |       |       |     3 |    10 |     6 ||    19
  Evoke: Wand              |       |       |       |     7 |     5 |     1 ||    13
         Lightning rod     |       |       |       |       |     1 |       ||     1
    Use: Scroll            |       |       |     2 |    19 |    21 |     8 ||    50
         Potion            |       |       |     4 |     3 |     3 |    14 ||    24
   Stab: Sleeping          |       |       |       |       |     8 |     8 ||    16
         Distracted        |       |       |       |       |     3 |     2 ||     5
         Invisible         |       |       |       |       |       |    12 ||    12
 Armour: Scale mail        |    38 |   133 |    97 |       |       |       ||   268
         Ring mail         |       |       |   116 |   541 |   671 |   303 ||  1631
  Dodge: Dodged            |    37 |   104 |   150 |   383 |   650 |   327 ||  1651
  Block: Buckler           |    18 |    38 |   103 |   290 |   501 |   206 ||  1156
         Kite shield       |       |       |       |       |       |     3 ||     3

Table legend: (Time is in decaauts)
 A = Elapsed time spent in this place.
 B = Non-inter-level travel time spent in this place.
 C = Inter-level travel time spent in this place.
 D = Time resting spent in this place.
 E = Time spent auto-exploring this place.
 F = Levels seen in this place.
 G = Mean time per level.
                   A        B        C        D        E       F      G
               +--------+--------+--------+--------+--------+-----+--------+
         Total |  27568 |  26319 |   1249 |   1662 |  17312 |  30 |  918.9 |
       Dungeon |  12444 |  11546 |    898 |    189 |   8384 |  14 |  888.9 |
        Temple |    109 |    106 |      3 |      0 |     84 |   1 |  109.0 |
          Lair |   7085 |   6810 |    275 |    297 |   4940 |   5 | 1417.0 |
  Orcish Mines |   1845 |   1786 |     59 |    471 |    867 |   2 |  922.5 |
   Elven Halls |   3676 |   3663 |     13 |    175 |   2654 |   3 | 1225.3 |
         Abyss |     74 |     74 |      0 |     39 |      0 |   1 |   74.0 |
         Sewer |    128 |    128 |      0 |      0 |     77 |   1 |  128.0 |
        Bailey |    605 |    605 |      0 |      7 |     20 |   1 |  605.0 |
      Ice Cave |    978 |    978 |      0 |    293 |    279 |   1 |  978.0 |
      Gauntlet |    620 |    620 |      0 |    191 |      6 |   1 |  620.0 |
               +--------+--------+--------+--------+--------+-----+--------+

Top non-repeatable levels by time:
  Lair:5: 2731 daAuts
   Elf:2: 1769 daAuts
   Elf:1: 1539 daAuts
    D:13: 1378 daAuts
  Lair:2: 1311 daAuts
  Lair:3: 1114 daAuts
     D:8: 1106 daAuts
    D:14: 1106 daAuts
    D:10: 1083 daAuts
   Orc:1: 1062 daAuts
     D:3: 1019 daAuts
   IceCv: 978 daAuts
  Lair:4: 966 daAuts
  Lair:1: 961 daAuts
    D:12: 905 daAuts
